 Dungeon Sprint DCSS version 0.22-a0-425-g89d60a1 (webtiles) character file.

48013 raistware the Ninja (level 14, -4/82 HPs)
             Began as a Spriggan Assassin on May 24, 2018.
             Was the Champion of Dithmenos.
             Slain by a vampire knight
             ... wielding a +3 bardiche
              (9 damage)
             ... in the Dungeon (Sprint IX: "|||||||||||||||||||||||||||||").
             The game lasted 00:30:27 (5205 turns).

raistware the Ninja (Spriggan Assassin)             Turns: 5205, Time: 00:30:29

Health: -4/82      AC:  4    Str:  7    XL:     14   Next: 10%
Magic:  35/35      EV: 43    Int: 13    God:    Dithmenos [******]
Gold:   1283       SH:  0    Dex: 22    Spells: 45/45 levels left

rFire    + . .     SeeInvis +   q - +7 rapier (elec)
rCold    . . .     Gourm    .   (shield restricted)
rNeg     . . .     Faith    .   H - +2 robe {rF+}
rPois    .         Spirit   .   (helmet restricted)
rElec    .         Reflect  .   u - scarf {repulsion}
rCorr    .         Harm     .   (gloves unavailable)
MR       ++...     NoTele   +   (boots unavailable)
Stlth    ++++++++++             (no amulet)
HPRegen  0.23/turn              r - +2 ring of evasion
MPRegen  0.24/turn              s - +2 ring of evasion

@: wreathed by umbra, repel missiles, very quick
A: very small, unfitting armour, see invisible, herbivore, speed 3, slow
metabolism 2
a: Shadow Step, Shadow Form, Renounce Religion


You were in the Dungeon.
You worshipped Dithmenos.
Dithmenos was exalted by your worship.
You were not hungry.

You visited 1 branch You collected 1900 gold pieces.
You spent 617 gold pieces at shops.

Inventory:

Hand Weapons
 a - a +2 dagger
 b - a +0 blowgun
 q - a +7 rapier of electrocution (weapon)
 D - a +3 quick blade
 G - a +2 hunting sling of freezing
Missiles
 c - 22 sling bullets
 e - 7 poisoned needles
 f - a curare-tipped needle
 x - 2 throwing nets (quivered)
Armour
 u - a scarf of repulsion (worn)
 H - a +2 robe of fire resistance (worn)
Jewellery
 r - a +2 ring of evasion (left hand)
 s - a +2 ring of evasion (right hand)
 y - an uncursed ring of wizardry
 A - an uncursed ring of protection from magic
 B - an uncursed ring of fire
 C - an uncursed ring of protection from fire
Wands
 p - a wand of acid (4)
Scrolls
 d - a scroll of holy word
 m - 2 scrolls of blinking
 n - 6 scrolls of remove curse
 o - 2 scrolls of amnesia
 v - a scroll of identify
 z - 3 scrolls of fear
 E - a scroll of fog
 F - 2 scrolls of enchant armour
Potions
 h - 5 potions of curing
 j - 4 potions of haste
 k - 4 potions of magic
 t - a potion of agility
Comestibles
 g - 10 rations


   Skills:
 + Level 13.1 Fighting
 - Level 14.0 Short Blades
 + Level 12.9 Throwing
 + Level 22.7 Dodging
 O Level 27 Stealth
 + Level 16.2 Spellcasting
 + Level 14.5 Evocations


You had 45 spell levels left.
You didn't know any spells.
Your spell library was empty.

Dungeon Overview and Level Annotations

Branches:
Dungeon (1/1)

Altars:
Cheibriados
Dithmenos
Elyvilon
Fedhas
Gozag
Hepliaklqana
Kikubaaqudgha
Makhleb
Nemelex Xobeh
Okawaru
Qazlal
Ru
Sif Muna
Trog
Uskayaw
Vehumet
Wu Jian
Xom
Yredelemnul
Zin
The Shining One
Beogh
Jiyva
Lugonu

Shops:
D *!?*


Innate Abilities, Weirdness & Mutations

You are very small and have problems with some larger weapons.
You are too small for most types of armour.
You have supernaturally acute eyesight. (SInv)
You are a herbivore.
You cover ground extremely quickly.
You need to consume almost no food.


Message History

The hell knight mumbles some strange words.
The hell knight seems to speed up.
The fire dragon bites you!!
You emit a cloud of dark smoke.
The fire dragon completely misses you. x2
You closely miss the hell knight.
The hell knight is moderately wounded.
The hell knight misses you.
Unknown command.
You feel better.
The vampire knight hits you from afar with an enchanted bardiche!!
* * * LOW HITPOINT WARNING * * *
You emit a cloud of dark smoke.
The fire dragon completely misses you. The fire dragon misses you.
The fire dragon completely misses you. The hell knight completely misses you.
You feel better. The hell knight completely misses you.
The fire dragon closely misses you. The fire dragon completely misses you.
The fire dragon tramples you.
* * * LOW HITPOINT WARNING * * *
You hold your ground!
The vampire knight hits you from afar with an enchanted bardiche!
You die...

.(...('))).......[[[)[)[[.)))()))
▓▓▓▓▓▓▓▓▓▓▓▓▓▓▓▓▓▓▓▓▓▓▓▓▓▓▓▓▓▓▓▓▓
............)....................
▓▓▓▓▓▓▓▓▓▓▓▓▓▓▓▓▓▓▓▓▓▓▓▓♣♣♣♣♣♣♣♣♣
...'.......(†'.....§§§§§§§÷)..[..
▓▓▓▓▓▓▓▓▓▓▓▓▓▓▓▓▓▓▓▓▓▓▓▓♣♣♣♣♣♣♣♣♣
.................................
▓▓▓▓▓▓▓▓▓▓▓▓▓▓▓▓▓▓▓▓▓▓▓▓▓▓▓▓▓▓▓▓▓
.y..Cpp)spD@pV.)..)).))().'.
▓▓▓▓▓▓▓▓▓▓▓▓▓▓▓▓▓▓▓▓▓▓▓▓▓▓▓▓


You could see an ironheart preserver, a fire dragon, a vampire knight
(invisible) and a hell knight.

Vanquished Creatures
  Agnes (D)
  A vault warden (D)
  A ghost moth (D)
  2 frost giants (D)
  An entropy weaver (D)
  3 stone giants (D)
  Nessos (D)
  A spark wasp (D)
  An ettin (D)
  A fire dragon (D)
  2 ogre magi (D)
  Harold (D)
  2 ice dragons (D)
  2 great orbs of eyes (D)
  2 rakshasas (D)
  2 centaur warriors (D)
  An anaconda (D)
  2 orc high priests (D)
  A vampire mage (D)
  A tengu warrior (D)
  A hell knight (D)
  A naga sharpshooter (D)
  A sea snake (D)
  A spriggan druid (D)
  3 ironbrand convokers (D)
  A swamp dragon (D)
  6 orc knights (D)
  A shambling mangrove (D)
  An orb spider (D)
  2 orc sorcerers (D)
  2 cyclopes (D)
  2 deep elf magi (D)
  An ugly thing (D)
  2 wolf spiders (D)
  Joseph (D)
  A black mamba (shapeshifter) (D)
  2 water nymphs (D)
  8 black mambas (D)
  A naga mage (D)
  5 spiny frogs (D)
  2 yaktaurs (D)
  A merfolk (D)
  3 demonic crawlers (D)
  A troll (shapeshifter) (D)
  3 tyrant leeches (D)
  A polar bear (shapeshifter) (D)
  A polar bear (D)
  A wind drake (D)
  A bog body (D)
  3 slime creatures (D)
  A blink frog (D)
  2 hippogriffs (D)
  A snapping turtle (D)
  A wyvern (D)
  2 yaks (D)
  5 vampire mosquitoes (D)
  An insubstantial wisp (D)
  A naga (D)
  2 water moccasins (D)
  A porcupine (D)
  9 orc warriors (D)
  A phantom (D)
  A necrophage (D)
  6 crocodiles (D)
  3 bullfrogs (D)
  6 orc priests (D)
  8 orc wizards (D)
  2 worker ants (D)
  A shadow imp (D)
  An adder zombie (D)
  A leopard gecko (D)
  11 orcs (D)
  A bat (D)
  2 bat zombies (D)
  A goblin (D)
  2 hobgoblins (D)
  A rat (D)
163 creatures vanquished.

Notes
Turn   | Place    | Note
-------+----------+-------------------------------------------
     0 | D        | raistware the Spriggan Assassin began the quest for the Orb.
     0 | D        | Reached XP level 1. HP: 10/10 MP: 2/2
     5 | D        | Reached skill level 6 in Stealth
    17 | D        | Reached skill level 7 in Stealth
    23 | D        | Noticed an orc wizard
    23 | D        | Noticed a worker ant
    23 | D        | Noticed a phantom
    25 | D        | Reached XP level 2. HP: 14/14 MP: 3/3
    27 | D        | Killed a phantom
    27 | D        | Reached skill level 11 in Stealth
    27 | D        | Reached XP level 3. HP: 18/18 MP: 4/4
    27 | D        | Reached XP level 4. HP: 22/22 MP: 5/5
    45 | D        | Reached skill level 12 in Stealth
    45 | D        | Reached XP level 5. HP: 18/25 MP: 6/6
    48 | D        | Found a roughly hewn altar of Beogh.
    48 | D        | Found a snail-covered altar of Cheibriados.
    48 | D        | Found a shadowy altar of Dithmenos.
    48 | D        | Found a white marble altar of Elyvilon.
    48 | D        | Found a blossoming altar of Fedhas.
    48 | D        | Found an opulent altar of Gozag.
    49 | D        | Found a hazy altar of Hepliaklqana.
    50 | D        | Found a viscous altar of Jiyva.
    51 | D        | Found an ancient bone altar of Kikubaaqudgha.
    52 | D        | Found a corrupted altar of Lugonu.
    53 | D        | Became a worshipper of Dithmenos the Shadowed
    54 | D        | Found a burning altar of Makhleb.
    55 | D        | Found a sparkling altar of Nemelex Xobeh.
    56 | D        | Found an iron altar of Okawaru.
    57 | D        | Found a stormy altar of Qazlal.
    58 | D        | Found a sacrificial altar of Ru.
    59 | D        | Found a deep blue altar of Sif Muna.
    60 | D        | Found a bloodstained altar of Trog.
    61 | D        | Found a hide-covered altar of Uskayaw.
    62 | D        | Found a radiant altar of Vehumet.
    63 | D        | Found an ornate altar of the Wu Jian Council.
    64 | D        | Found a shimmering altar of Xom.
    65 | D        | Found a basalt altar of Yredelemnul.
    66 | D        | Found a glowing silver altar of Zin.
    67 | D        | Found a glowing golden altar of the Shining One.
   213 | D        | Noticed a yak
   213 | D        | Noticed a necrophage
   213 | D        | Noticed an orc warrior
   215 | D        | Killed an orc warrior
   215 | D        | Reached skill level 5 in Dodging
   215 | D        | Reached skill level 13 in Stealth
   217 | D        | Reached XP level 6. HP: 30/30 MP: 7/7
   230 | D        | Reached * piety under Dithmenos
   230 | D        | Reached skill level 14 in Stealth
   243 | D        | Reached skill level 10 in Short Blades
   376 | D        | Killed a yak
   376 | D        | Reached ** piety under Dithmenos
   376 | D        | Reached skill level 15 in Stealth
   376 | D        | Reached XP level 7. HP: 33/33 MP: 8/8
   380 | D        | Noticed a centaur warrior
   380 | D        | Noticed a hippogriff
   382 | D        | Killed a hippogriff
   382 | D        | Reached skill level 10 in Dodging
   394 | D        | Reached *** piety under Dithmenos
   394 | D        | Reached skill level 16 in Stealth
   395 | D        | Killed a centaur warrior
   395 | D        | Reached skill level 17 in Stealth
   395 | D        | Reached XP level 8. HP: 19/37 MP: 9/9
   704 | D        | Noticed a black mamba
   704 | D        | Noticed a hippogriff
   705 | D        | Noticed a spiny frog
   707 | D        | Killed a hippogriff
   709 | D        | Killed a black mamba
   709 | D        | Reached **** piety under Dithmenos
   709 | D        | Reached skill level 18 in Stealth
   709 | D        | Reached XP level 9. HP: 44/44 MP: 10/10
   751 | D        | Reached ***** piety under Dithmenos
   855 | D        | Killed a spiny frog
  1135 | D        | Noticed a black mamba
  1135 | D        | Noticed a polar bear
  1136 | D        | Noticed a black mamba
  1137 | D        | Reached skill level 5 in Fighting
  1137 | D        | Reached skill level 19 in Stealth
  1155 | D        | Reached skill level 15 in Dodging
  1349 | D        | Killed a polar bear
  1362 | D        | Killed a black mamba
  1372 | D        | Killed a black mamba
  1372 | D        | Reached XP level 10. HP: 38/53 MP: 10/16
  1383 | D        | Reached ****** piety under Dithmenos
  1423 | D        | Noticed a spiny frog
  1423 | D        | Noticed a spiny frog
  1423 | D        | Noticed a spiny frog
  1436 | D        | Noticed a spiny frog
  1443 | D        | Killed a spiny frog
  1443 | D        | Reached skill level 20 in Stealth
  1445 | D        | Reached skill level 5 in Spellcasting
  1452 | D        | Killed a spiny frog
  1463 | D        | Killed a spiny frog
  1481 | D        | Killed a spiny frog
  1653 | D        | Noticed Harold
  1656 | D        | Killed Harold
  1656 | D        | Reached skill level 21 in Stealth
  1908 | D        | Noticed an orc high priest
  1971 | D        | Noticed a smoke demon
  2130 | D        | Killed an orc high priest
  2130 | D        | Reached XP level 11. HP: 60/60 MP: 24/24
  2222 | D        | Found Afa Rov's Assorted Antiques.
  2222 | D        | Noticed an orc knight
  2222 | D        | Noticed an orc sorcerer
  2222 | D        | Noticed an orc knight
  2222 | D        | Noticed an orc sorcerer
  2225 | D        | Found Kaytt's Magic Scroll Shop.
  2226 | D        | Killed an orc sorcerer
  2227 | D        | Noticed an orc knight
  2228 | D        | Killed an orc knight
  2228 | D        | Reached skill level 22 in Stealth
  2362 | D        | Killed an orc sorcerer
  2373 | D        | Noticed an orc knight
  2373 | D        | Found Lauffov's Distillery.
  2374 | D        | Killed an orc knight
  2374 | D        | Reached skill level 5 in Throwing
  2375 | D        | Found Kadeos's Assorted Antiques.
  2376 | D        | Noticed an orc knight
  2416 | D        | Killed an orc knight
  2444 | D        | Killed an orc knight
  2493 | D        | Killed an orc knight
  2493 | D        | Reached skill level 10 in Spellcasting
  2555 | D        | Noticed an orc high priest
  2566 | D        | Noticed a soul eater
  2573 | D        | Killed an orc high priest
  2573 | D        | Reached skill level 23 in Stealth
  2589 | D        | Bought a potion of curing for 75 gold pieces
  2592 | D        | Bought a potion of curing for 33 gold pieces
  2592 | D        | Bought a potion of heal wounds for 55 gold pieces
  2595 | D        | Bought a scroll of holy word for 82 gold pieces
  2598 | D        | Bought a moonstone ring for 120 gold pieces
  2598 | D        | Bought a scroll of identify for 48 gold pieces
  2598 | D        | Bought a scroll of enchant weapon for 180 gold pieces
  2598 | D        | Bought a scroll labeled IGAKHL FULAOK for 24 gold pieces
  2842 | D        | Noticed a deep elf mage
  2842 | D        | Noticed a tengu warrior
  2866 | D        | Reached skill level 1 in Evocations
  2884 | D        | Killed a tengu warrior
  2886 | D        | Noticed a deep elf mage
  2892 | D        | Killed a deep elf mage
  2894 | D        | Noticed an ogre mage
  2896 | D        | Killed a deep elf mage
  2897 | D        | Noticed an ogre mage
  2942 | D        | Paralysed by an ogre mage for 4 turns
  2946 | D        | HP: 3/63 [ogre mage/spear (10)]
  2951 | D        | Killed an ogre mage
  2961 | D        | Noticed a stone giant
  2970 | D        | Killed a stone giant
  2970 | D        | Reached skill level 24 in Stealth
  2970 | D        | Reached skill level 5 in Evocations
  2970 | D        | Reached XP level 12. HP: 21/67 MP: 28/28
  2993 | D        | Killed an ogre mage
  2993 | D        | Reached skill level 10 in Fighting
  3027 | D        | Noticed a stone giant
  3028 | D        | Noticed an ice dragon
  3084 | D        | Killed a stone giant
  3310 | D        | Killed an ice dragon
  3396 | D        | Noticed Nessos
  3399 | D        | Killed Nessos
  3419 | D        | Noticed Agnes
  3421 | D        | Noticed Joseph
  3422 | D        | Killed Agnes
  3422 | D        | Reached skill level 25 in Stealth
  3424 | D        | Killed Joseph
  3821 | D        | Noticed an anaconda
  3823 | D        | Killed an anaconda
  3953 | D        | Reached skill level 26 in Stealth
  4289 | D        | Reached XP level 13. HP: 74/74 MP: 31/31
  4293 | D        | Reached skill level 10 in Evocations
  4437 | D        | Reached skill level 10 in Throwing
  4558 | D        | Noticed a ghost moth
  4558 | D        | Noticed an entropy weaver
  4566 | D        | Killed an entropy weaver
  4570 | D        | Killed a ghost moth
  4572 | D        | Reached skill level 27 in Stealth
  4814 | D        | Noticed a frost giant
  4814 | D        | Noticed a stone giant
  4817 | D        | Noticed an ettin
  4819 | D        | Noticed a spark wasp
  4820 | D        | Killed a stone giant
  4824 | D        | Killed a frost giant
  4825 | D        | Noticed a fire dragon
  4827 | D        | Noticed a frost giant
  4830 | D        | Killed an ettin
  4830 | D        | Reached skill level 15 in Spellcasting
  4832 | D        | Killed a spark wasp
  4889 | D        | Killed a fire dragon
  4941 | D        | Killed a frost giant
  5125 | D        | Noticed a vault warden
  5126 | D        | Noticed a fire dragon
  5141 | D        | Reached XP level 14. HP: 81/81 MP: 34/34
  5168 | D        | Killed a vault warden
  5175 | D        | Noticed an ironheart preserver
  5191 | D        | Noticed an ironheart preserver
  5192 | D        | Noticed a vampire knight
  5195 | D        | Noticed a fire giant
  5204 | D        | HP: 2/82 [vampire knight/enchanted bardiche (35)]
  5205 | D        | Slain by a vampire knight

Vault maps used:
D:        linesprint

Skill      XL: |  1  2  3  4  5  6  7  8  9 10 11 12 13 14 |
---------------+-------------------------------------------+-----
Stealth        | 7 11 12 13 15 17 18 19 21 24 26 27 | 27.0
Short Blades   | 3 7 8 9 10 12 13 14 | 14.0
Dodging        | 6 9 12 13 15 17 19 20 22 | 22.7
Fighting       | 3 6 8 9 11 12 13 | 13.1
Spellcasting   | 3 8 11 13 15 16 | 16.2
Throwing       | 3 7 9 12 | 12.9
Evocations     | 5 9 14 | 14.5

Action                   |  1- 3 |  4- 6 |  7- 9 | 10-12 | 13-15 || total
-------------------------+-------+-------+-------+-------+-------++-------
Melee: Dagger            |    11 |    11 |       |       |       ||    22
       Rapier            |       |    21 |    75 |   385 |   175 ||   656
 Fire: Blowgun           |       |       |    24 |    19 |       ||    43
Throw: Throwing net      |       |       |       |     5 |     2 ||     7
Invok: Shadow Step       |       |       |       |     5 |       ||     5
Evoke: Wand              |       |       |     2 |     2 |     2 ||     6
  Use: Potion            |       |     1 |     1 |     6 |     9 ||    17
       Scroll            |       |       |       |     7 |       ||     7
 Stab: Sleeping          |     6 |     3 |     8 |    17 |    19 ||    53
       Invisible         |       |       |     1 |       |       ||     1
       Distracted        |       |       |     1 |     6 |     5 ||    12
       Held in net/web   |       |       |       |     3 |       ||     3
  Eat: Ration            |       |       |       |     1 |     1 ||     2
Armor: Robe              |     3 |     2 |       |     5 |     1 ||    11
Dodge: Dodged            |     7 |    19 |    53 |   188 |   106 ||   373
       Deflected         |       |       |       |     1 |     1 ||     2

Table legend:
 A = Spawn XP
 B = Non-spawn XP
 C = Spawn XP percentage of total XP
 D = Spawn monster count
 E = Non-spawn monster count
 F = Spawn count percentage of total count
 G = Total turns spent on level
                    A         B        C        D         E        F      G
               +---------+---------+-------+---------+---------+-------+---------
         Total |       0 |   68591 |   0.0 |       0 |     163 |   0.0 |  5205
               +---------+---------+-------+---------+---------+-------+---------
             D |       0 |   68591 |   0.0 |       0 |     163 |   0.0 |  5205
               +---------+---------+-------+---------+---------+-------+---------
